 Dungeon Crawl Stone Soup version 0.30-a0-1043-g60ff8d5f49 (webtiles) character file.

Game seed: 11248532136688411139

39 dduke234 the Covered (level 3, 0/6 HPs)
             Began as a Meteoran Fighter on Apr 10, 2023.
             Slain by an endoplasm (2 damage)
             ... on level 3 of the Dungeon.
             The game lasted 00:04:07 (1941 turns).

dduke234 the Covered (Meteoran Fighter)             Turns: 1941, Time: 00:04:07

Health: 0/6        AC:  0    Str: 20    XL:     3   Next: 97%
Magic:  4/4        EV: 11    Int:  9    God:
Gold:   84         SH:  0    Dex: 13    Spells: 2/2 levels left

rFire   . . .      SeeInvis .    (no weapon)
rCold   . . .      Faith    .    (no shield)
rNeg    . . .      Spirit   .    (no body armour)
rPois   .          Reflect  .    (no helmet)
rElec   .          Rampage  .    (no cloak)
rCorr   .                        (no gloves)
Will    .....                    (no boots)
Stlth   +                        (no amulet)
HPRegen 0.21/turn                (no ring)
MPRegen 0.09/turn                (no ring)

@: glowing
A: sense surroundings 1, otherworldly, glowing, explore regen
a: no special abilities


You were on level 3 of the Dungeon.
You visited 1 branch of the dungeon, and saw 3 of its levels.

You collected 84 gold pieces.

Inventory:

Scrolls
 e - a scroll of summoning {unknown}
 g - a scroll of fear {unknown}
 h - a scroll of poison {unknown}
 i - 4 scrolls of magic mapping {unknown}
 k - 3 scrolls of teleportation {unknown}
Potions
 f - 4 potions of curing {unknown}
 j - a potion of heal wounds {unknown}


   Skills:
 * Level 3.6 Fighting
 * Level 3.8 Maces & Flails
 + Level 4.2 Armour
 + Level 3.8 Shields


You had 2 spell levels left.
You didn't know any spells.
Your spell library was empty.

Dungeon Overview and Level Annotations

Branches:
Dungeon (3/15) Zot: 637

Altars:

Shops:
D:2 *


Innate Abilities, Weirdness & Mutations

You passively map a small area around you.
You are easily found by Zot.
You glow in the dark.
You regain HP and MP as you explore.


Message History

You start removing your armour.
You continue taking off your +0 scale mail. x4
You finish taking off your +0 scale mail.
You drop a +0 scale mail.
An endoplasm comes into view.
The endoplasm quivers.
An endoplasm is nearby!
The endoplasm closely misses you.
You hit the endoplasm.
The endoplasm is lightly wounded.
The endoplasm hits you.
You hit the endoplasm.
The endoplasm is moderately wounded.
The endoplasm hits you.
Ouch! That really hurt!
* * * LOW HITPOINT WARNING * * *
You are too injured to fight recklessly!
You are too injured to fight recklessly!
You are too injured to fight recklessly!
You are too injured to fight recklessly!
You are too injured to fight recklessly!
You are too injured to fight recklessly!
You are too injured to fight recklessly!
You are too injured to fight recklessly!
You are too injured to fight recklessly!
You are too injured to fight recklessly!
You are too injured to fight recklessly!
You are too injured to fight recklessly!
Unknown command.
You are too injured to fight recklessly!
You hit the endoplasm.
The endoplasm is heavily wounded.
The endoplasm closely misses you.
You hit the endoplasm but do no damage.
The endoplasm is heavily wounded.
The endoplasm closely misses you.
You hit the endoplasm.
The endoplasm is severely wounded.
The endoplasm hits you.
You die...

, .. , .... , ... *
*#..# .#... , ...#
#..#,*....... ,
...##*#..# ....... .
....##..# .........
,,
...##.....###........
.....................
,,
......J@............#
....................#
#.##.###...#........#
* # #............# ,
, , #.....<....... ,
*#............# , ,
................ *
,####..#...##...#
......... ....


You could see an endoplasm.

Vanquished Creatures
  3 dart slugs (D:1)
  4 bats (D:1)
  3 endoplasms (D:1)
  A giant cockroach (D:2)
  2 goblins (D:1)
  3 hobgoblins
  A quokka (D:1)
  3 ball pythons (D:1)
  3 frilled lizards
  5 kobolds
  4 rats
32 creatures vanquished.

Notes
Turn   | Place    | Note
-------+----------+-------------------------------------------
     0 | D:1      | dduke234 the Meteoran Fighter began the quest for the Orb.
     0 | D:1      | Reached XP level 1. HP: 19/19 MP: 2/2
    37 | D:1      | Reached XP level 2. HP: 26/26 MP: 3/3
   151 | D:1      | Reached XP level 3. HP: 16/31 MP: 4/4
   186 | D:1      | Reached skill level 4 in Armour
   482 | D:1      | Glimpsed the power of Zot.
   532 | D:1      | Glimpsed the power of Zot.
   572 | D:1      | Glimpsed the power of Zot.
   582 | D:1      | Touched by the power of Zot.
  1151 | D:2      | Found Notiseit's General Store.
  1279 | D:2      | Glimpsed the power of Zot.
  1329 | D:2      | Glimpsed the power of Zot.
  1368 | D:2      | Glimpsed the power of Zot.
  1378 | D:2      | Touched by the power of Zot.
  1478 | D:2      | Glimpsed the power of Zot.
  1528 | D:2      | Glimpsed the power of Zot.
  1568 | D:2      | Glimpsed the power of Zot.
  1578 | D:2      | Touched by the power of Zot.
  1679 | D:2      | Glimpsed the power of Zot.
  1729 | D:2      | Glimpsed the power of Zot.
  1769 | D:2      | Glimpsed the power of Zot.
  1778 | D:2      | Touched by the power of Zot.
  1879 | D:2      | Glimpsed the power of Zot.
  1941 | D:3      | Slain by an endoplasm

Illustrated notes

Levels and vault maps discovered:
D:1:      minmay_arrival_arboretum_small, layout_loops_cross,
          minmay_misc_feat_square, hangedman_decor_opposing, st_stairs_1
D:2:      layout_basic, serial_shops, nicolae_shop_hallway_stairs
D:3:      layout_basic, lemuel_doored_altar, uniq_pargi

Skill      XL: |  1  2  3 |
---------------+----------+-----
Maces & Flails | 3 |  3.8
Armour         | 4 |  4.2
Fighting       | |  3.6
Shields        | |  3.8

Action                     || total
---------------------------++-------
  Melee: Flail             ||    85
         Unarmed           ||     5
 Armour: Scale mail        ||    50
  Dodge: Dodged            ||    37
  Block: Buckler           ||    28

Table legend: (Time is in decaauts)
 A = Elapsed time spent in this place.
 B = Non-inter-level travel time spent in this place.
 C = Inter-level travel time spent in this place.
 D = Time resting spent in this place.
 E = Time spent auto-exploring this place.
 F = Levels seen in this place.
 G = Mean time per level.
                   A        B        C        D        E       F      G
               +--------+--------+--------+--------+--------+-----+--------+
         Total |   1964 |   1861 |    103 |      0 |   1392 |   3 |  654.7 |
       Dungeon |   1964 |   1861 |    103 |      0 |   1392 |   3 |  654.7 |
               +--------+--------+--------+--------+--------+-----+--------+

Top non-repeatable levels by time:
     D:2: 1323 daAuts
     D:1: 613 daAuts
     D:3: 26 daAuts
